 Dungeon Crawl Stone Soup version 0.27.1-3-gb3d3a73c9e (webtiles) character file.

Game seed: 8687979725514461634

10198 belegose the Envoy of Void (level 11, -1/80 HPs)
             Began as a Mummy Abyssal Knight on Oct 29, 2021.
             Was a High Priest of Lugonu.
             Slain by a fire elemental (7 damage)
             ... summoned by a deep elf pyromancer
             ... on level 11 of the Dungeon.
             The game lasted 00:46:00 (17344 turns).

belegose the Envoy of Void (Mummy Abyssal Knight)  Turns: 17344, Time: 00:46:01

Health: -1/80      AC: 19    Str: 17    XL:     11   Next: 33%
Magic:  17/17      EV: 11    Int: 14    God:    Lugonu [*****.]
Gold:   451        SH:  9    Dex: 11    Spells: 10/10 levels left

rFire    . . .     SeeInvis .   b - +1 dagger (venom)
rCold    + . .     Faith    .   c - +0 buckler
rNeg     + + +     Spirit   .   n - +0 shadow dragon scales
rPois    ∞         Reflect  +   x - +0 helmet
rElec    .         Harm     .   A - +0 cloak
rCorr    .         Rampage  .   r - +2 pair of gloves
Will     +....                  j - +0 pair of boots
Stlth    +++.......             K - amulet of reflection
HPRegen  0.23/turn              G - ring of protection from fire
MPRegen  0.15/turn              B - +4 ring of evasion

@: no status effects
A: cold resistance 1, negative energy resistance 3, torment resistance 2, heat
vulnerability 1, no potions
a: Renounce Religion, Depart the Abyss, Bend Space, Banish, Corrupt, Enter the
Abyss


You were on level 11 of the Dungeon.
You worshipped Lugonu.
Lugonu was extremely pleased with you.
You visited 2 branches of the dungeon, and saw 13 of its levels.
You visited the Abyss 1 time.

You collected 561 gold pieces.
You spent 110 gold pieces at shops.

Inventory:

Hand Weapons
 a - a +1 vorpal flail
 b - a +1 dagger of venom (weapon)
 m - a +0 hunting sling
 F - a +2 hand axe of electrocution
Missiles
 g - 507 stones
 h - 53 poisoned darts
 k - 3 javelins
 l - 6 boomerangs (quivered)
 D - 3 throwing nets
Armour
 c - a +0 buckler (worn)
 j - a +0 pair of boots (worn)
 n - +0 shadow dragon scales (worn)
 q - a +0 kite shield
 r - a +2 pair of gloves (worn)
 x - a +0 helmet (worn)
 A - a +0 cloak (worn)
Jewellery
 e - a ring of wizardry
 B - a +4 ring of evasion (right hand)
 G - a ring of protection from fire (left hand)
 K - an amulet of reflection (around neck)
Wands
 p - a wand of paralysis (14)
 y - a wand of iceblast (8)
 z - a wand of polymorph (1)
Scrolls
 d - 3 scrolls of magic mapping
 f - 7 scrolls of teleportation
 i - a scroll of brand weapon
 s - 3 scrolls of fog
 t - a scroll of summoning {unknown}
 u - a scroll of amnesia
 v - 3 scrolls of silence
 w - a scroll of fear {unknown}
 E - 2 scrolls of enchant weapon
 H - a scroll of torment {unknown}
 I - a scroll of acquirement {unknown}
 J - a scroll of blinking


   Skills:
 - Level 5.6 Fighting
 - Level 3.3 Short Blades
 - Level 4.6(4.7) Maces & Flails
 - Level 1.0(3.0) Staves
 - Level 6.6 Throwing
 - Level 6.0 Armour
 + Level 2.2 Dodging
 + Level 4.4 Stealth
 - Level 4.0 Shields
 + Level 8.1 Invocations
 + Level 2.0 Evocations


You had 10 spell levels left.
You didn't know any spells.
Your spell library contained the following spells:

 Spells                   Type           Power      Damage    Failure   Level
 Static Discharge         Conj/Air       0%         N/A       99%         2
 Inner Flame              Hex/Fire       0%         N/A       100%        3
 Cause Fear               Hex            0%         N/A       100%        4
 Dispel Undead            Necr           0%         3d6       100%        4
 Sticky Flame             Conj/Fire      0%         2d3       100%        4
 Alistair's Intoxication  Tmut/Pois      0%         N/A       100%        5
 Borgnjor's Vile Clutch   Necr/Erth      0%         N/A       100%        5
 Eringya's Noxious Bog    Tmut/Pois      0%         N/A       100%        6
 Discord                  Hex            0%         N/A       100%        8


Dungeon Overview and Level Annotations

Branches:
Dungeon (12/15)            Temple (1/1) D:4            Lair (0/6) D:8
    Orc: D:9-12

Altars:
Gozag
Makhleb
Nemelex Xobeh
Qazlal
Ru
Sif Muna
Uskayaw
Wu Jian
Zin

Shops:
D:1 (   D:5 ?   D:6 *

Annotations:
D:5 Grinder
D:6 Dowan, Duvessa
D:10 1 runed translucent door, exclusion: rakshasa, IBeShadow's ghost, journeyman FoHu


Innate Abilities, Weirdness & Mutations

You are immune to poison.
Your flesh is cold resistant. (rC+)
You are immune to negative energy. (rN+++)
You are immune to unholy pain and torment.
You are vulnerable to heat. (rF-)
You do not drink.


Message History

The fire elemental hits you. The fire elemental burns you!
You barely miss the deep elf pyromancer.
You block the fire elemental's attack. The fire elemental hits you.
The fire elemental burns you!
You hit the deep elf pyromancer.
The deep elf pyromancer is poisoned.
The deep elf pyromancer is lightly wounded.
The deep elf pyromancer hits you with a +0 long sword.
The fire elemental completely misses you.
You block the fire elemental's attack.
You hit the deep elf pyromancer.
The deep elf pyromancer looks as sick as possible!
The deep elf pyromancer is lightly wounded.
The fire elemental hits you. The fire elemental burns you!
You block the fire elemental's attack.
You block the deep elf pyromancer's attack.
You barely miss the deep elf pyromancer.
The deep elf pyromancer is moderately wounded.
The fire elemental hits you. The fire elemental burns you!
The fire elemental closely misses you.
The deep elf pyromancer hits you with a +0 long sword.
You barely miss the deep elf pyromancer.
The deep elf pyromancer is moderately wounded.
You block the fire elemental's attack. The fire elemental closely misses you.
You block the deep elf pyromancer's attack.
You closely miss the deep elf pyromancer.
The deep elf pyromancer is moderately wounded.
The fire elemental hits you. The fire elemental burns you!
The fire elemental hits you. The fire elemental burns you!
* * * LOW HITPOINT WARNING * * *
You block the deep elf pyromancer's attack.
The fire elemental hits you. The fire elemental burns you!
* * * LOW HITPOINT WARNING * * *
The fire elemental completely misses you.
You block the fire elemental's attack. You block the fire elemental's attack.
The fire elemental hits you. The fire elemental burns you!
* * * LOW HITPOINT WARNING * * *
You block the fire elemental's attack. The fire elemental hits you.
The fire elemental burns you!
You die...

### #..........# ...
#..........# .#
##........## .
##......## #....###
###### #....# .....##
#.○..#
......###########E○○.#
.......##.......@E☼e##
.............####...#
.......####### #...#
.......###### #...#
............# #...#
......#####..# ##..#
.......# ...# .......#
...# .......#


You could see a deep elf pyromancer (very poisoned) and 2 fire elementals.

Vanquished Creatures
  4 two-headed ogres
  A wraith (D:10)
  A wyvern (D:8)
  15 yaks
  A shadow (D:11)
  A basilisk (D:11)
  2 vampire mosquitoes (D:11)
  2 water moccasins
  3 orc warriors (D:7)
  2 ice beasts (D:6)
  A black bear (D:5)
  3 sky beasts
  3 necrophages
  8 ogres
  2 centaurs (D:7)
  3 kobold brigands
  2 bullfrogs
  A wyvern zombie (D:5)
  A scorpion (D:6)
  A gnoll sergeant (D:9)
  A water moccasin skeleton (D:6)
  8 killer bees
  4 electric eels (D:9)
  3 howler monkeys
  2 centaur zombies (D:9)
  A jelly (D:8)
  Crazy Yiuf (D:6)
  A bullfrog skeleton (D:5)
  6 orc priests
  A centaur skeleton (D:7)
  2 hounds (D:7)
  4 gnoll shamans (D:7)
  Ijyb (D:3)
  5 iguanas
  9 orc wizards
  A killer bee zombie (D:6)
  A mummy (D:4)
  A howler monkey zombie (D:5)
  15 gnolls
  4 adders
  3 white imps
  2 ufetubi
  5 dart slugs
  21 orcs
  6 bats
  8 endoplasms
  5 giant cockroaches
  12 goblins
  6 hobgoblins
  3 jackals (D:3)
  13 kobolds
  7 ball pythons
  7 frilled lizards
  A hobgoblin zombie (D:4)
  3 kobold zombies (D:4)
  5 rats
235 creatures vanquished.

Vanquished Creatures (others)
  6 fungi (D:7)
  34 plants
  2 withered plants (D:10)
42 creatures vanquished.

Grand Total: 277 creatures vanquished

Notes
Turn   | Place    | Note
-------+----------+-------------------------------------------
     0 | Abyss:1  | belegose the Mummy Abyssal Knight began the quest for the
                  | Orb.
     0 | Abyss:1  | Reached XP level 1. HP: 18/18 MP: 2/2
     9 | Abyss:1  | Found a corrupted altar of Lugonu.
    15 | Abyss:2  | Noticed a wretched star
    35 | Abyss:2  | Noticed a thrashing horror
    35 | D:1      | Escaped the Abyss
   260 | D:1      | Reached XP level 2. HP: 21/24 MP: 3/3
   318 | D:1      | Found Zokhliske's Weapon Emporium.
   396 | D:1      | Reached skill level 2 in Invocations
   630 | D:1      | Found a faded altar of an unknown god.
   659 | D:1      | Reached ** piety under Lugonu
   927 | D:2      | Reached skill level 1 in Staves
  1096 | D:2      | Reached XP level 3. HP: 29/29 MP: 4/4
  2234 | D:3      | Reached XP level 4. HP: 35/35 MP: 5/5
  2853 | D:3      | Reached *** piety under Lugonu
  2860 | D:3      | Noticed Ijyb
  2941 | D:3      | Killed Ijyb
  2942 | D:3      | Reached skill level 1 in Shields
  3504 | D:4      | Noticed an ogre
  3547 | D:3      | Reached skill level 1 in Throwing
  3547 | D:3      | Reached XP level 5. HP: 41/42 MP: 6/6
  3606 | D:4      | Found a staircase to the Ecumenical Temple.
  3614 | Temple   | Entered the Ecumenical Temple
  3874 | D:4      | Reached skill level 1 in Short Blades
  3910 | D:4      | Killed an ogre
  3911 | D:4      | Reached XP level 6. HP: 34/48 MP: 8/8
  4585 | D:5      | Entered Level 5 of the Dungeon
  4585 | D:5      | Noticed a sky beast
  4624 | D:4      | Killed a sky beast
  4625 | D:4      | Reached skill level 3 in Invocations
  4844 | D:5      | Noticed a yak
  4847 | D:5      | Noticed a yak
  4878 | D:5      | Killed a yak
  4879 | D:5      | Reached XP level 7. HP: 37/55 MP: 9/9
  4920 | D:5      | Killed a yak
  5079 | D:5      | Noticed Grinder
  5647 | D:5      | Reached XP level 8. HP: 45/61 MP: 10/10
  5864 | D:5      | Reached skill level 5 in Fighting
  5876 | D:5      | Found Roc Lidd's Magic Scroll Shop.
  5881 | D:5      | Bought a scroll of identify for 26 gold pieces
  5881 | D:5      | Bought a scroll of teleportation for 39 gold pieces
  5881 | D:5      | Bought a scroll of magic mapping for 45 gold pieces
  6069 | D:5      | Reached skill level 4 in Invocations
  6450 | D:5      | Found a sparkling altar of Nemelex Xobeh.
  6633 | D:6      | Found Huiqo's Assorted Antiques.
  7134 | D:6      | Reached XP level 9. HP: 47/68 MP: 12/12
  7240 | D:6      | Reached **** piety under Lugonu
  7608 | D:6      | Found a runed translucent door.
  7609 | D:6      | Noticed Crazy Yiuf
  7632 | D:6      | Killed Crazy Yiuf
  7754 | D:6      | Reached skill level 5 in Invocations
  8113 | D:6      | Reached skill level 5 in Armour
  8188 | D:6      | Noticed Dowan
  8985 | D:6      | Noticed Duvessa
  9304 | D:7      | Reached skill level 5 in Throwing
  9491 | D:7      | Reached skill level 6 in Invocations
  9491 | D:7      | Reached XP level 10. HP: 69/75 MP: 14/14
 11481 | D:8      | Reached skill level 1 in Stealth
 12014 | D:8      | Noticed a two-headed ogre
 12283 | D:8      | Found a shimmering blue altar of Sif Muna.
 12404 | D:8      | Found a staircase to the Lair.
 12435 | D:8      | Reached skill level 7 in Invocations
 12877 | D:8      | Noticed a glowing shapeshifter
 12877 | D:8      | a two-headed ogre changed into a glowing shapeshifter
 12878 | D:8      | Noticed a swamp dragon
 12878 | D:8      | a glowing shapeshifter changed into a swamp dragon
 12884 | D:8      | Noticed a cyclops
 12884 | D:8      | a swamp dragon changed into a cyclops
 12889 | D:8      | Noticed a sea snake
 12889 | D:8      | a cyclops changed into a sea snake
 12894 | D:8      | a sea snake changed into a swamp worm
 12896 | D:8      | Noticed an eye of devastation
 12896 | D:8      | a swamp worm changed into an eye of devastation
 12900 | D:8      | Noticed a faun
 12900 | D:8      | an eye of devastation changed into a faun
 12904 | D:8      | Noticed a lindwurm
 12904 | D:8      | a faun changed into a lindwurm
 13257 | D:8      | Noticed a water nymph
 13257 | D:8      | a lindwurm changed into a water nymph
 13262 | D:8      | a water nymph changed into a swamp worm
 13272 | D:8      | Noticed a death drake
 13272 | D:8      | a swamp worm changed into a death drake
 13279 | D:8      | Noticed a sea snake
 13279 | D:8      | a death drake changed into a sea snake
 13280 | D:8      | a sea snake changed into a swamp worm
 13280 | D:8      | Noticed a two-headed ogre
 13280 | D:8      | a swamp worm changed into a two-headed ogre
 13281 | D:8      | Noticed a water nymph
 13281 | D:8      | a two-headed ogre changed into a water nymph
 13282 | D:8      | Noticed a swamp dragon
 13282 | D:8      | a water nymph changed into a swamp dragon
 13283 | D:8      | a swamp dragon changed into a yaktaur
 13285 | D:8      | Noticed an elephant
 13285 | D:8      | a yaktaur changed into an elephant
 13286 | D:8      | Noticed a satyr
 13286 | D:8      | an elephant changed into a satyr
 13287 | D:8      | Noticed a boulder beetle
 13287 | D:8      | a satyr changed into a boulder beetle
 13287 | D:8      | a boulder beetle changed into a swamp worm
 13289 | D:8      | Noticed a wolf spider
 13289 | D:8      | a swamp worm changed into a wolf spider
 13291 | D:8      | a wolf spider changed into a swamp worm
 13495 | D:8      | Noticed a minotaur
 13498 | D:8      | Noticed a dire elephant
 13498 | D:8      | a minotaur changed into a dire elephant
 13521 | D:8      | Noticed an iron giant
 13524 | D:8      | Noticed a shadow dragon
 13524 | D:8      | an iron giant changed into a shadow dragon
 13528 | D:8      | Noticed a frost giant
 13533 | D:8      | Noticed a shadow dragon
 13533 | D:8      | a frost giant changed into a shadow dragon
 13536 | D:8      | Noticed a golden dragon
 13536 | D:8      | a shadow dragon changed into a golden dragon
 13575 | D:8      | Noticed a shadow dragon
 13576 | D:8      | Noticed an alligator snapping turtle
 13576 | D:8      | a shadow dragon changed into an alligator snapping turtle
 13577 | D:8      | Noticed a fire giant
 13577 | D:8      | an alligator snapping turtle changed into a fire giant
 13580 | D:8      | Noticed an iron troll
 13580 | D:8      | a fire giant changed into an iron troll
 13683 | D:8      | Noticed a sphinx
 13683 | D:8      | an iron troll changed into a sphinx
 13686 | D:8      | Noticed a stone giant
 13686 | D:8      | a sphinx changed into a stone giant
 13687 | D:8      | Noticed a minotaur
 13687 | D:8      | a stone giant changed into a minotaur
 13689 | D:8      | Noticed an azure jelly
 13689 | D:8      | a minotaur changed into an azure jelly
 13690 | D:8      | Noticed an ice dragon
 13690 | D:8      | an azure jelly changed into an ice dragon
 13697 | D:8      | Noticed a bunyip
 13697 | D:8      | an ice dragon changed into a bunyip
 13889 | D:9      | Noticed a two-headed ogre
 13914 | D:9      | Killed a two-headed ogre
 14352 | D:9      | Noticed a two-headed ogre
 14395 | D:9      | Killed a two-headed ogre
 14397 | D:9      | Reached ***** piety under Lugonu
 14543 | D:9      | Reached XP level 11. HP: 77/80 MP: 16/16
 14752 | D:9      | Noticed a +0 dagger
 14753 | D:9      | Noticed a +0 falchion
 14753 | D:9      | Noticed a +0 short sword
 14769 | D:9      | Noticed a +0 spear
 14770 | D:9      | Noticed a +0 dagger
 14770 | D:9      | Noticed a +0 spear
 14771 | D:9      | Noticed a +0 short sword
 14772 | D:9      | Noticed a +0 falchion
 14773 | D:9      | Found a hide-covered altar of Uskayaw.
 15727 | D:10     | Entered Level 10 of the Dungeon
 15761 | D:10     | Noticed a rakshasa
 15907 | D:10     | Found an ornate altar of the Wu Jian Council.
 16286 | D:10     | Found a runed translucent door.
 16286 | D:10     | Noticed IBeShadow's ghost (journeyman FoHu)
 16439 | D:10     | Found a stormy altar of Qazlal.
 16527 | D:10     | Reached skill level 1 in Dodging
 16994 | D:11     | You fall into a shaft and drop 1 floor!
 17012 | D:11     | Reached skill level 1 in Evocations
 17015 | D:11     | Noticed a two-headed ogre
 17017 | D:11     | Noticed a two-headed ogre
 17041 | D:11     | Killed a two-headed ogre
 17077 | D:11     | Killed a two-headed ogre
 17078 | D:11     | Reached skill level 8 in Invocations
 17308 | D:11     | Noticed a deep elf pyromancer
 17344 | D:11     | Slain by a fire elemental

Illustrated notes

Levels and vault maps discovered:
D:1:      dpeg_arrival_ternary, layout_basic,
          shapermc_ecumenical_altar_mp_vishouse, serial_shops,
          nicolae_shop_temple_entry_statues_fountains
D:2:      layout_loops_ring, serial_forest, infiniplex_forest_straight_3,
          infiniplex_forest_lined_2, infiniplex_forest_straight_5,
          infiniplex_forest_straight_3, infiniplex_forest_zigzag_1,
          infiniplex_forest_straight_2
D:3:      kennysheep_goblin_castle, layout_basic
D:4:      layout_cave_pools, minmay_temple_entry_ruins,
          chequers_serial_rivers_room_a, minmay_mini_ossuary
D:5:      layout_loops_corners, nemelex_dance_club_becter, serial_shops,
          kennysheep_mini_moat, grunt_ministairs_7, grunt_decor_one_mirror,
          uniq_grinder
D:6:      layout_basic, serial_co_window_serial, co_window_of_opportunity_a,
          co_window_corner_a, co_window_of_opportunity_a, co_window_paths_a,
          co_window_corner_a, co_window_paths_a, co_window_paths_b,
          co_window_of_opportunity_a, co_window_corner_a, co_window_corner_cb,
          co_window_2corner, co_window_broadway_c, co_window_unsneaky_path_c,
          co_window_4corner_b, glass_columns_a, serial_shops, shop,
          uniq_duvessa, uniq_crazy_yiuf_cottage
D:7:      kennysheep_seaside_town, layout_loops_ring, chequers_mini_garden
D:8:      layout_basic, mainiacjoe_overflow_boulevard, lair_entry_dummy,
          serial_corexii_hall, chequers_hall_statues_wall_a,
          corexii_hall_statues_deadend, minmay_checkerbox
D:9:      layout_loops_ring, nicolae_uskayaw_en_pointe, serial_bayou,
          serial_bayou_lagoon_a, serial_bayou_shore_a, serial_bayou_pond_d,
          serial_bayou_ford_a
D:10:     layout_loops_corners, nicolae_qazlal_general_emergency,
          grunt_temple_overflow_open, gammafunk_ghost_grave
D:11:     layout_rooms, hellmonk_guarded_unrand_night
D:12:     layout_roguey, david_orc_1_choice, grunt_ministairs_6,
          nicolae_ru_great_annihilating_truth
Temple:   lightli_temple_of_artemis

Skill      XL: |  1  2  3  4  5  6  7  8  9 10 11 |
---------------+----------------------------------+-----
Invocations    | 2 3 4 6 7 8 |  8.1
Staves         | 1 |  1.0
Armour         | 2 3 4 5 6 |  6.0
Shields        | 1 2 3 4 |  4.0
Throwing       | 1 2 3 5 6 |  6.6
Fighting       | 4 5 |  5.6
Short Blades   | 1 2 3 |  3.3
Maces & Flails | 2 3 4 |  4.6
Stealth        | 3 4 |  4.4
Dodging        | 2 |  2.2
Evocations     | 2 |  2.0

Action                   |  1- 3 |  4- 6 |  7- 9 | 10-12 || total
-------------------------+-------+-------+-------+-------++-------
Melee: Quarterstaff      |    54 |       |       |       ||    54
       Mace              |    57 |    29 |   132 |       ||   218
       Dagger            |     7 |   162 |   242 |   579 ||   990
       Flail             |       |       |       |    85 ||    85
Throw: Dart              |       |     5 |    30 |    48 ||    83
       Boomerang         |       |     1 |       |     3 ||     4
Invok: Banish            |       |       |       |     1 ||     1
Evoke: Wand              |       |       |       |     7 ||     7
  Use: Scroll            |       |       |       |     9 ||     9
 Stab: Sleeping          |     2 |     2 |     3 |     3 ||    10
Armor: Leather armour    |    32 |       |       |       ||    32
       Ring mail         |    30 |       |       |       ||    30
       Shadow dragon sca |     5 |   161 |   208 |   248 ||   622
Dodge: Dodged            |    60 |    51 |   142 |   250 ||   503
Block: Buckler           |     7 |    31 |    72 |   131 ||   241
